AoeStats
← 夜天刃233

MegaRandom

510123486Analyzed
2v2 RM · 3d ago on Sep 29, 2026· 51m 37s· 4 players
Game mode
Random Map
Map size
Medium (4 player)
Population
200
Speed
Normal
Resources
Standard
Victory
Conquest
Starting age
Dark Age
Ending age
Imperial Age
RankedLock teamsTeams togetherTeam positionsShared explorationLock speedFull tech treeHidden civsTurbo modeCheats
Victory
Defeat
🇮🇩 Jurchens · Indonesia
854
+16
🇮🇩 Saracens · Indonesia
791
+19
🇨🇳 Khmer · China
934
-65
781
-14
夜天刃233
0:44 Loom
13:17 Feudal Age
14:12 Double-Bit Axe
17:00 Wheelbarrow
18:38 Bloodlines
23:36 Castle Age
25:52 Husbandry
26:16 Gold Mining
29:01 Imperial Age
28:13 Fervor
30:20 Hand Cart
29:40 Cavalier
31:54 Caravan
34:55 Gold Shaft Mining
34:35 Stone Mining
35:02 Elite Battle Elephant
37:34 Stone Shaft Mining
36:52 Capped Ram
40:18 Scale Barding Armor
41:03 Tusk Swords
41:43 Hoardings
42:27 Bow Saw
43:36 Chain Barding Armor
44:11 Horse Collar
孤儿院剑圣月夜狐
13:03 Feudal Age
13:51 Domestication
15:03 Forging
18:39 Scale Barding Armor
18:40 Double-Bit Axe
22:43 Castle Age
22:03 Stone Mining
23:55 Wheelbarrow
24:15 Chain Barding Armor
24:33 Iron Casting
23:58 Gold Mining
24:28 Bow Saw
24:21 Pastoralism
25:18 Loom
26:13 Stone Shaft Mining
25:21 Light Cavalry
26:03 Husbandry
28:02 Scale Mail Armor
28:58 Hand Cart
29:59 Chain Mail Armor
30:00 Squires
29:46 Arson
31:44 Fletching
36:41 Imperial Age
35:09 Lamellar Armor
36:10 Gambesons
37:54 Conscription
38:04 Guilds
37:39 Capped Ram
38:15 Elite Liao Dao
40:56 Plate Mail Armor
40:23 Bodkin Arrow
41:49 Transhumance
42:23 Two-Man Saw
42:18 Bracer
43:40 Padded Archer Armor
44:52 Town Watch
44:35 Heavy Cavalry Archer
45:41 Parthian Tactics
47:12 Leather Archer Armor
Nahida
12:10 Loom
14:30 Feudal Age
15:54 Double-Bit Axe
15:50 Horse Collar
21:14 Castle Age
22:45 Bow Saw
23:52 Gold Mining
25:28 Wheelbarrow
25:30 Fortified Wall
25:31 Masonry
27:44 Town Watch
28:02 Heavy Plow
27:58 Stone Mining
32:08 Imperial Age
32:00 Forging
31:41 Fletching
31:57 Scale Barding Armor
32:05 Bloodlines
32:05 Husbandry
32:37 Elite Mameluke
34:51 Bimaristan
35:04 Conscription
37:02 Iron Casting
36:50 Chain Barding Armor
38:14 Caravan
38:45 Coinage
41:36 Blast Furnace
41:13 Plate Barding Armor
40:33 Bodkin Arrow
40:41 Murder Holes
42:11 Sanctity
42:03 Fervor
41:54 Herbal Medicine
42:42 Banking
42:51 Gold Shaft Mining
43:14 Heavy Camel Rider
45:58 Bracer
Miyu.
10:22 Feudal Age
10:20 Loom
11:03 Horse Collar
11:11 Double-Bit Axe
20:13 Castle Age
19:18 Stone Mining
19:27 Gold Mining
19:54 Fishing Lines
20:50 Forging
22:04 Bow Saw
25:24 Fletching
27:18 Ballistics
26:40 Treadmill Crane
27:10 Murder Holes
27:21 Siege Engineers
27:22 Squires
27:10 Gambesons
29:09 Iron Casting
30:51 Caravan
31:21 Coinage
31:56 Gold Shaft Mining
32:01 Wheelbarrow
32:03 Stone Shaft Mining
31:31 Scale Mail Armor
31:38 Scale Barding Armor
34:21 Gillnets
38:30 Imperial Age
39:29 Hand Cart
39:00 Town Watch
39:49 Thunderclap Bombs
40:00 Conscription
39:02 Heavy Rocket Cart
41:03 Chemistry
40:18 Masonry
40:55 Banking
40:36 Guilds
41:53 Two-Man Saw
40:22 Elite Iron Pagoda
41:52 Elite Fire Lancer
42:18 Gambesons
48:27 Blast Furnace
47:43 Chain Mail Armor
47:48 Chain Barding Armor
47:29 Padded Archer Armor
47:24 Bodkin Arrow
49:02 Squires
48:47 Arson
Connection lost

Rejoining the realm…

Still unreachable

The connection could not be restored.

Session expired

The server has moved on; the page needs a fresh start.